 Dungeon Crawl Stone Soup version 0.27-a0-46-g34d46f0a3f (webtiles) character file.

Game seed: 17661423163400225865

3276 robertstho the Ogre Mage (level 10, 0/96 HPs)
             Began as an Ogre Summoner on Jan 6, 2021.
             Was a Follower of Sif Muna.
             Slain by a death yak (1 damage)
             ... on level 9 of the Dungeon.
             The game lasted 00:23:45 (13365 turns).

robertstho the Ogre Mage (Ogre Summoner)           Turns: 13365, Time: 00:23:47

Health: 0/96       AC:  3    Str: 16    XL:     10   Next: 0%
Magic:  3/24       EV: 10    Int: 19    God:    Sif Muna [*.....]
Gold:   449        SH:  5    Dex:  9    Spells: 13/30 levels left

rFire    . . .     SeeInvis .   u - staff of conjuration
rCold    . . .     Faith    .   (no shield)
rNeg     . . .     Spirit   .   a - +0 robe
rPois    +         Reflect  +   (helmet restricted)
rElec    .         Harm     .   (no cloak)
rCorr    +         Rampage  .   (gloves unavailable)
Will     +....     Clarity  +   (boots unavailable)
Stlth    +.........             h - amulet of reflection
HPRegen  0.26/turn              g - ring of resist corrosion
MPRegen  0.19/turn              (no ring)

@: no status effects
A: large, unfitting armour, hooves 1, clarity, poison resistance, strong 1,
tough skin 1
a: Renounce Religion, Channel Magic


You were on level 9 of the Dungeon.
You worshipped Sif Muna.
Sif Muna was aware of your devotion.
You visited 2 branches of the dungeon, and saw 10 of its levels.

You collected 449 gold pieces.

Inventory:

Hand Weapons
 b - a +0 hunting sling
 k - a +0 dagger
 t - a +2 vorpal flail
Missiles
 o - 96 stones
 p - 17 sling bullets
Armour
 a - a +0 robe (worn)
 i - a +0 helmet
Magical Staves
 u - an uncursed staff of conjuration (weapon)
Jewellery
 g - a ring of resist corrosion (left hand)
 h - an amulet of reflection (around neck)
Wands
 c - a wand of polymorph (5)
 e - a wand of acid (8)
 m - a wand of flame (12)
 q - a wand of digging (3)
 C - a wand of iceblast (14)
 E - a wand of disintegration (13)
 I - a wand of enslavement (8)
Scrolls
 d - a scroll of immolation {unknown}
 l - a scroll of remove curse
 n - 3 scrolls of amnesia
 v - 2 scrolls of blinking {unknown}
 y - 3 scrolls of teleportation {unknown}
 A - a scroll of identify
 B - a scroll of acquirement {unknown}
 D - a scroll of magic mapping {unknown}
 F - a scroll of fog {unknown}
 G - a scroll of noise {unknown}
Potions
 f - 2 potions of curing
 j - a potion of resistance {unknown}
 r - a potion of attraction {unknown}
 s - a potion of magic {unknown}
 w - 2 potions of might
 x - 4 potions of haste
 z - a potion of flight
 H - a potion of mutation


   Skills:
 * Level 5.4 Fighting
 + Level 0.5(0.6) Maces & Flails
 + Level 0.1(0.4) Staves
 + Level 2.0 Dodging
 + Level 2.1 Stealth
 + Level 0.4 Unarmed Combat
 * Level 10.5 Spellcasting
 + Level 1.3 Hexes
 * Level 8.1 Summonings
 + Level 1.7 Ice Magic
 + Level 1.0 Invocations


You had 13 spell levels left.
You knew the following spells:

 Your Spells              Type           Power        Failure   Level
a - Summon Small Mammal   Summ           100%         1%          1
b - Call Imp              Summ           40%          1%          2
c - Call Canine Familiar  Summ           40%          1%          3
d - Summon Guardian Gole  Hex/Summ       28%          3%          3
e - Summon Ice Beast      Ice/Summ       28%          9%          4
f - Summon Lightning Spi  Summ/Air       25%          13%         4

Your spell library contained the following spells:

 Spells                   Type           Power        Failure   Level
 Sandblast                Erth           20%          7%          1
 Passwall                 Tmut/Erth      8%           11%         2
 Stone Arrow              Conj/Erth      30%          22%         3
 Petrify                  Tmut/Erth      10%          56%         4
 Lee's Rapid Deconstruct  Erth           5%           89%         5


Dungeon Overview and Level Annotations

Branches:
Dungeon (9/15)             Temple (1/1) D:6
   Lair: D:8-11         Orc: D:9-12

Altars:
Ashenzari
Cheibriados
Dithmenos
Fedhas
Gozag
Hepliaklqana
Kikubaaqudgha
Makhleb
Nemelex Xobeh
Okawaru
Qazlal
Ru
Sif Muna
Trog
Uskayaw
Vehumet
Wu Jian
Xom
Yredelemnul
Zin
The Shining One


Innate Abilities, Weirdness & Mutations

You are too large for most types of armour.
You have tough skin. (AC +1)
You have large cloven feet.
You possess an exceptional clarity of mind.
Your system is resistant to poisons. (rPois)
Your muscles are strong. (Str +2)


Message History

The death yak is engulfed in blazing flames.
You block the death yak's attack.
As you read the scroll labelled HODYCU PIELEYPS, it crumbles to dust.
It is a scroll of amnesia.
Really abort (and waste the scroll)?
Okay, then.
The death yak completely misses you.
The death yak is engulfed in blazing flames.
The death yak gores you!
* * * LOW HITPOINT WARNING * * *
Unknown command.
Evoke which item? (* to show all) (? for menu, Esc to quit)
Aiming: Enslavement
Press: ? - help, Shift-Dir - straight line, f - death yak
Aim: a death yak (heavily wounded, chance to affect: 1%)
The death yak resists with almost no effort.
The death yak gores you.
* * * LOW HITPOINT WARNING * * *
The death yak gores you.
You die...

#.<..○...#
####○#####
#YYY..#
#######'###
#.........#
#.........#
#.§☼§.....#
#5Y§§.....#
#@Y.☼.....#
#.<.......#
+.........#
#.........#
######+####


You could see 2 death yaks and a lemure.

Vanquished Creatures
  Grinder (D:6)
  A sky beast (D:8)
  A phantom (D:4)
  An orc priest (D:6)
  3 adders
  A white imp (D:5)
  An adder skeleton (D:5)
  A dart slug (D:5)
  A leopard gecko (D:2)
  2 orcs
  A giant cockroach (D:3)
  A hobgoblin (D:2)
  2 jackals (D:5)
  3 bats
  A frilled lizard (D:1)
21 creatures vanquished.

Vanquished Creatures (collateral kills)
  Prince Ribbit (D:5)
  Sigmund (D:5)
  2 nameless horrors
  2 water moccasins
  2 ice beasts
  An orc warrior (D:7)
  A sky beast (D:7)
  A centaur (D:7)
  5 ogres
  2 bullfrogs (D:8)
  A scorpion (D:6)
  4 howler monkeys
  A centaur zombie (D:5)
  2 centaur skeletons
  6 hounds
  A jelly (D:7)
  5 orc priests
  4 orc wizards
  2 bullfrog skeletons
  Ijyb (D:3)
  Natasha (thrice) (D:3)
  3 worker ants
  Robin (D:2)
  3 gnolls
  A worker ant zombie (D:8)
  9 adders
  A shadow imp (D:5)
  An ufetubus (D:4)
  2 oozes (D:5)
  2 worms
  4 dart slugs
  3 leopard geckos
  27 orcs
  4 bats
  A giant cockroach (D:3)
  11 goblins
  7 hobgoblins
  5 jackals
  3 kobolds
  2 quokkas
  A ball python (D:6)
  5 frilled lizards
  A quokka skeleton (D:4)
  21 rats
166 creatures vanquished.

Vanquished Creatures (others)
  4 death yaks (D:9)
  7 wights (D:8)
  A gnoll (D:8)
  3 plants (D:8)
15 creatures vanquished.

Grand Total: 202 creatures vanquished

Notes
Turn   | Place    | Note
-------+----------+-------------------------------------------
     0 | D:1      | robertstho the Ogre Summoner began the quest for the Orb.
     0 | D:1      | Reached XP level 1. HP: 16/16 MP: 3/3
   479 | D:1      | Reached XP level 2. HP: 5/24 MP: 2/5
   768 | D:1      | Learned a level 2 spell: Call Imp
  1200 | D:1      | Reached skill level 3 in Spellcasting
  1278 | D:1      | You fall into a shaft and drop 1 floor!
  1708 | D:2      | Reached XP level 3. HP: 31/31 MP: 2/7
  1712 | D:2      | Learned a level 3 spell: Call Canine Familiar
  1860 | D:2      | Noticed Robin
  2368 | D:2      | Reached skill level 1 in Fighting
  2432 | D:2      | Killed Robin
  2433 | D:2      | Reached XP level 4. HP: 22/41 MP: 1/9
  3107 | D:3      | Reached skill level 4 in Spellcasting
  3370 | D:3      | Noticed Ijyb
  3385 | D:3      | Reached XP level 5. HP: 48/48 MP: 2/11
  3406 | D:3      | Killed Ijyb
  3500 | D:3      | Found a radiant altar of Vehumet.
  3500 | D:3      | Found a snail-covered altar of Cheibriados.
  3825 | D:3      | Noticed Natasha
  3829 | D:3      | Killed Natasha
  4139 | D:3      | Noticed Natasha
  4160 | D:3      | Killed Natasha
  4197 | D:3      | Noticed Natasha
  4216 | D:3      | Killed Natasha
  4871 | D:4      | Noticed an ogre
  4879 | D:4      | Killed an ogre
  4880 | D:4      | Reached skill level 5 in Summonings
  4880 | D:4      | Reached XP level 6. HP: 57/57 MP: 4/13
  4957 | D:4      | Learned a level 3 spell: Summon Guardian Golem
  4962 | D:4      | Learned a level 4 spell: Summon Ice Beast
  5044 | D:4      | Reached skill level 5 in Spellcasting
  5161 | D:4      | Noticed a phantom
  5198 | D:4      | Killed a phantom
  5988 | D:4      | Found a shadowy altar of Dithmenos.
  6005 | D:4      | Reached XP level 7. HP: 19/65 MP: 7/15
  6010 | D:4      | Learned a level 4 spell: Summon Lightning Spire
  6438 | D:5      | Entered Level 5 of the Dungeon
  6735 | D:5      | Reached skill level 6 in Spellcasting
  7045 | D:5      | Found a sparkling altar of Nemelex Xobeh.
  7362 | D:5      | Noticed Prince Ribbit
  7642 | D:5      | Killed Prince Ribbit
  7822 | D:5      | Noticed Sigmund
  7879 | D:5      | Killed Sigmund
  7880 | D:5      | Reached skill level 7 in Spellcasting
  7880 | D:5      | Reached XP level 8. HP: 75/75 MP: 4/18
  8976 | D:6      | Noticed Grinder
  8989 | D:6      | HP: 2/75 [/exploding inner flame (42)]
  8994 | D:6      | Killed Grinder
  8995 | D:6      | HP: 2/117 [poisoned by a water moccasin]
  9307 | D:6      | Found a staircase to the Ecumenical Temple.
  9839 | Temple   | Entered the Ecumenical Temple
 10001 | Temple   | Became a worshipper of Sif Muna the Loreminder
 10049 | D:7      | Noticed a nameless horror
 10063 | D:7      | Killed a nameless horror
 10237 | D:6      | Reached skill level 8 in Spellcasting
 11593 | D:8      | Found a glowing silver altar of Zin.
 11748 | D:8      | Noticed a nameless horror
 11754 | D:8      | Killed a nameless horror
 11782 | D:8      | Reached skill level 1 in Ice Magic
 12142 | D:8      | Reached XP level 9. HP: 67/83 MP: 7/21
 12265 | D:8      | Reached * piety under Sif Muna
 12276 | D:8      | Reached skill level 9 in Spellcasting
 12584 | D:8      | Found a blossoming altar of Fedhas.
 13313 | D:9      | Noticed a death yak
 13314 | D:9      | Noticed a death yak
 13319 | D:9      | Noticed a death yak
 13319 | D:9      | Noticed a death yak
 13320 | D:9      | Noticed a death yak
 13320 | D:9      | Noticed a death yak
 13326 | D:9      | Killed a death yak
 13330 | D:9      | Noticed a death yak
 13330 | D:9      | Killed a death yak
 13331 | D:9      | Reached skill level 1 in Hexes
 13360 | D:9      | Killed a death yak
 13360 | D:9      | Killed a death yak
 13361 | D:9      | Reached skill level 5 in Fighting
 13361 | D:9      | Reached skill level 10 in Spellcasting
 13361 | D:9      | Reached skill level 1 in Invocations
 13361 | D:9      | Reached XP level 10. HP: 14/96 MP: 2/24
 13362 | D:9      | Gained mutation: Your system is resistant to poisons.
                  | (rPois) [potion of mutation]
 13362 | D:9      | Gained mutation: You possess an exceptional clarity of
                  | mind. [potion of mutation]
 13362 | D:9      | Gained mutation: Your muscles are strong. (Str +2) [potion
                  | of mutation]
 13362 | D:9      | Gained mutation: You have large cloven feet. [potion of
                  | mutation]
 13362 | D:9      | HP: 1/96 [death yak (13)]
 13365 | D:9      | Slain by a death yak

Illustrated notes

Levels and vault maps discovered:
D:1:      elethiomel_arrival_infinity_welcomes_careful_drivers, layout_rooms,
          corexii_item_surrounded_by_moat, hangedman_decor_clover_reticule,
          minmay_pentomino_x2
D:2:      layout_loops_ring, minmay_rat_hole, uniq_robin
D:3:      layout_basic, lemuel_doored_altar, kennysheep_slug_shrine,
          uniq_natasha, uniq_ijyb
D:4:      layout_basic, kennysheep_little_box
D:5:      layout_cave_pods, nemelex_dance_club_becter, uniq_sigmund,
          uniq_prince_ribbit1
D:6:      layout_loops_corners, minmay_temple_entry_nine_rooms,
          dk_rats_in_the_wall, uniq_grinder
D:7:      layout_cave_pods
D:8:      layout_loops_cross, overflow_temple_1_default, fedhas_ov_isle_minmay
D:9:      layout_roguey, elyvilon_altar_4, dpeg_lair_monsters, uniq_pikel
Temple:   dpeg_five_rooms_temple

Skill      XL: |  1  2  3  4  5  6  7  8  9 |
---------------+----------------------------+-----
Spellcasting   | 3 4 5 7 8 10 | 10.5
Summonings     | 4 5 6 8 |  8.1
Fighting       | 1 2 3 4 5 |  5.4
Stealth        | 2 |  2.1
Dodging        | 2 |  2.0
Ice Magic      | 1 |  1.7
Hexes          | 1 |  1.3
Invocations    | 1 |  1.0
Maces & Flails | |  0.5
Staves         | |  0.1
Unarmed Combat | |  0.4

Action                   |  1- 3 |  4- 6 |  7- 9 | 10-12 || total
-------------------------+-------+-------+-------+-------++-------
Melee: Unarmed           |    35 |       |       |       ||    35
       Dagger            |     3 |    72 |       |       ||    75
       Flail             |       |       |    31 |       ||    31
       Staff             |       |       |    32 |       ||    32
 Cast: Summon Small Mamm |    24 |     1 |     2 |       ||    27
       Call Imp          |    33 |    61 |    63 |       ||   157
       Call Canine Famil |     4 |    22 |    35 |       ||    61
       Summon Guardian G |       |       |    27 |       ||    27
       Summon Ice Beast  |       |       |    41 |       ||    41
Invok: Channel Magic     |       |       |     1 |       ||     1
Evoke: Wand              |       |       |       |     1 ||     1
  Use: Scroll            |       |       |     8 |     1 ||     9
       Potion            |       |       |     3 |     2 ||     5
 Stab: Sleeping          |     1 |     1 |       |       ||     2
       Distracted        |       |     1 |     1 |       ||     2
Armor: Robe              |    29 |    16 |     7 |       ||    52
Dodge: Dodged            |    32 |    39 |    38 |     1 ||   110
Block: Other             |       |       |    10 |     2 ||    12

Table legend: (Time is in decaauts)
 A = Elapsed time spent in this place.
 B = Non-inter-level travel time spent in this place.
 C = Inter-level travel time spent in this place.
 D = Time resting spent in this place.
 E = Time spent auto-exploring this place.
 F = Levels seen in this place.
 G = Mean time per level.
                   A        B        C        D        E       F      G
               +--------+--------+--------+--------+--------+-----+--------+
         Total |  13389 |  12920 |    469 |    367 |  10326 |  10 | 1338.9 |
       Dungeon |  13197 |  12758 |    439 |    367 |  10172 |   9 | 1466.3 |
        Temple |    191 |    162 |     29 |      0 |    154 |   1 |  191.0 |
               +--------+--------+--------+--------+--------+-----+--------+

Top non-repeatable levels by time:
     D:4: 1963 daAuts
     D:6: 1841 daAuts
     D:5: 1803 daAuts
     D:8: 1711 daAuts
     D:3: 1679 daAuts
     D:1: 1507 daAuts
     D:7: 1334 daAuts
     D:2: 1286 daAuts
  Temple: 191 daAuts
     D:9: 70 daAuts
